 Dungeon Crawl Stone Soup version 0.29.1-1-gd02db6906a (webtiles) character file.

Game seed: 4395382769853397898

1722 RascalDebosk the Magician (level 9, -2/65 HPs)
             Began as a Djinni Conjurer on Oct 22, 2022.
             Was an Initiate of Ashenzari.
             Shot with an arrow by a centaur (7 damage)
             ... on level 6 of the Dungeon.
             The game lasted 00:35:14 (7168 turns).

RascalDebosk the Magician (Djinni Conjurer)         Turns: 7168, Time: 00:35:14

Health: -2/65      AC:  6    Str:  6    XL:     9   Next: 24%
Gold:   29         EV: 13    Int: 24    God:    Ashenzari [......] SH:  0 Dex: 12

rFire   + + .      SeeInvis +   t - +0 long sword
rCold   x . .      Faith    .   (no shield)
rNeg    . . .      Spirit   .   a - +0 robe
rPois   ∞          Reflect  .   v - +0 helmet
rElec   .          Harm     .   u - +2 cloak {rPois}
rCorr   .          Rampage  .   (no gloves)
Will    .....                   (boots unavailable)
Stlth   ++........              (no amulet)
HPRegen 0.20/turn               l - ring of see invisible
MPRegen 0.00/turn               (no ring)

@: flying, very slightly contaminated
A: sickness immunity, fire resistance 2, cold vulnerability 1, float, innate
caster, HP casting, extra vitality 1
a: Renounce Religion


You were on level 6 of the Dungeon.
You worshipped Ashenzari.
Ashenzari was noncommittal.
You visited 2 branches of the dungeon, and saw 7 of its levels.

You collected 224 gold pieces.
You spent 195 gold pieces at shops.

Inventory:

Hand Weapons
 s - a +2 dagger of holy wrath
 t - a +0 long sword (weapon)
Armour
 a - a +0 robe (worn)
 u - a +2 cloak of poison resistance (worn)
 v - a +0 helmet (worn)
Jewellery
 l - a ring of see invisible (left hand)
Wands
 c - a wand of mindburst (5)
 p - a wand of paralysis (27)
Scrolls
 d - a scroll of poison
 e - a scroll of magic mapping {unknown}
 f - 2 scrolls of butterflies
 i - a scroll of identify
 m - a scroll of amnesia {unknown}
 o - a scroll of blinking {unknown}
 q - a scroll of brand weapon {unknown}
 w - a scroll of enchant weapon
 x - a scroll of teleportation {unknown}
 y - a scroll of immolation {unknown}
Potions
 b - 2 potions of curing
 g - a potion of brilliance
 h - a potion of ambrosia
 j - 2 potions of mutation
 k - a potion of lignification
 n - a potion of heal wounds
 r - 2 potions of attraction


   Skills:
 + Level 5.4 Fighting
 - Level 5.0 Dodging
 - Level 1.5 Stealth
 * Level 7.0 Spellcasting
 + Level 3.4 Evocations


You couldn't memorise any spells.
You knew the following spells:

 Your Spells              Type           Power      Damage    Failure   Level
a - Magic Dart            Conj           100%       1d8       1%          1
b - Searing Ray           Conj           84%        2d7       1%          2
c - Dazzling Flash        Conj/Hex       84%        N/A       1%          3
d - Fulminant Prism       Conj/Hex       21%        3d13      4%          4
e - Iskenderun's Mystic   Conj/Tloc      42%        2d10      4%          4
f - Foxfire               Conj/Fire      100%       2x1d9     1%          1
g - Static Discharge      Conj/Air       42%        3-9/arc   1%          2
h - Vampiric Draining     Necr           42%        2d9       1%          3
i - Animate Dead          Necr           42%        N/A       4%          4
Your spell library was empty.

Dungeon Overview and Level Annotations

Branches:
Dungeon (6/15)             Temple (1/1) D:5

Altars:
Ashenzari
Cheibriados
Elyvilon
Gozag
Hepliaklqana
Qazlal
Ru
Trog
Uskayaw
Zin

Shops:
D:3 [


Innate Abilities, Weirdness & Mutations

You are immune to sickness and miasma.
You are immune to poison.
Your flesh is very heat resistant. (rF++)
You are vulnerable to cold. (rC-)
You float through the air rather than walking.
You learn spells naturally, not from books.
Your magical power is your life essence.
You have superior vitality. (+4 MHP)


Message History

The poisoned dart hits you!
Aiming: Magic Dart (safe; 1% risk of failure)
Press: ? - help, Q - select action, (/) - cycle Shift-Dir - straight line, f/p - kobold brigand
Aim: a kobold brigand, wielding a +0 dagger and quivering poisoned darts (severely wounded, 100% to hit)
The magic dart hits the kobold brigand.
The kobold brigand is severely wounded.
An orc warrior comes into view. It is wielding a +0 dire flail.
Found a stone staircase leading up.
The orc warrior shouts!
You hear a shout! x2
The kobold brigand throws a poisoned dart.
The poisoned dart barely misses you.
Things that are here:
a +0 short sword; a +0 leather armour; an orc corpse
Aiming: Magic Dart (safe; 1% risk of failure)
Press: ? - help, Q - select action, (/) - cycle Shift-Dir - straight line, f/p - kobold brigand
Aim: a kobold brigand, wielding a +0 dagger and quivering poisoned darts (severely wounded, 100% to hit)
The magic dart hits the kobold brigand.
The kobold brigand is almost dead.
An orc comes into view.
It is wielding a +0 short sword and wearing a +2 leather armour of fire resistance.
Aiming: Magic Dart (safe; 1% risk of failure)
Press: ? - help, Q - select action, (/) - cycle Shift-Dir - straight line, f/p - kobold brigand
Aim: a kobold brigand, wielding a +0 dagger and quivering poisoned darts (almost dead, 100% to hit)
The magic dart hits the kobold brigand.
You kill the kobold brigand!
An orc comes into view. It is wielding a +0 mace.
Aiming: Magic Dart (safe; 1% risk of failure)
Press: ? - help, Q - select action, (/) - cycle Shift-Dir - straight line, f - orc warrior
Aim: an orc warrior, wielding a +0 dire flail and wearing a +0 chain mail (100% to hit)
The magic dart hits the orc warrior but does no damage.
The orc shouts!
Aiming: Magic Dart (safe; 1% risk of failure)
Press: ? - help, Q - select action, (/) - cycle Shift-Dir - straight line, f/p - orc warrior
Aim: an orc warrior, wielding a +0 dire flail and wearing a +0 chain mail (100% to hit)
The magic dart hits the orc warrior but does no damage.
An orc comes into view. It is wielding a +0 mace.
Aiming: Magic Dart (safe; 1% risk of failure)
Press: ? - help, Q - select action, (/) - cycle Shift-Dir - straight line, f/p - orc warrior
Aim: an orc warrior, wielding a +0 dire flail and wearing a +0 chain mail (100% to hit)
The magic dart hits the orc warrior.
The orc warrior is moderately wounded.
A kobold comes into view.
It is wielding a +0 dagger and carrying a wand of light (7).
Aiming: Magic Dart (safe; 1% risk of failure)
Press: ? - help, Q - select action, (/) - cycle Shift-Dir - straight line, f/p - orc warrior
Aim: an orc warrior, wielding a +0 dire flail and wearing a +0 chain mail (moderately wounded, 100% to hit)
The magic dart hits the orc warrior but does no damage.
The orc warrior is moderately wounded.
The kobold shouts!
You hear a shout!
The orc warrior closely misses you.
An orc comes into view. It is wielding a +0 flail.
Casting: Magic Dart (safe; 1% risk of failure)
Confirm with . or Enter, or press ? or * to list all spells.
You erupt in a blast of force!
The mystic blast hits the orc.
The orc is almost dead.
The orc is knocked back by the mystic blast.
The orc slams into the rock wall!
You kill the orc!
The mystic blast hits the orc warrior.
The orc warrior is moderately wounded.
The orc warrior is knocked back by the mystic blast.
The orc warrior slams into the rock wall!
The orc warrior is heavily wounded.
A centaur comes into view.
The kobold throws a stone.
The stone hits you but does no damage.
Casting: Iskenderun's Mystic Blast (dangerous; 4% risk of failure)
Confirm with . or Enter, or press ? or * to list all spells.
You erupt in a blast of force!
The mystic blast hits the orc warrior!
You kill the orc warrior!
The mystic blast hits the orc!
You kill the orc!
You hear a shout!
The centaur wields a +0 shortbow.
The centaur shoots an arrow.
The arrow hits you!
The orc drinks a potion.
The orc seems to speed up.
The kobold throws a stone.
The stone closely misses you.
Your Spellcasting skill increases to level 7!
The centaur shoots an arrow.
The arrow barely misses you.
The kobold throws a stone.
The stone closely misses you.
The centaur shoots an arrow.
The arrow hits you.
* * * LOW HITPOINT WARNING * * *
Casting: Iskenderun's Mystic Blast (dangerous; 4% risk of failure)
Confirm with . or Enter, or press ? or * to list all spells.
You miscast Iskenderun's Mystic Blast.
You are very lightly contaminated with residual magic.
Nothing appears to happen.
* * * LOW HITPOINT WARNING * * *
The kobold throws a stone.
The stone closely misses you. The orc hits you with a +0 mace.
* * * LOW HITPOINT WARNING * * *
Casting: Iskenderun's Mystic Blast (dangerous; 4% risk of failure)
Confirm with . or Enter, or press ? or * to list all spells.
You erupt in a blast of force!
The mystic blast hits the orc!
You kill the orc!
* * * LOW HITPOINT WARNING * * *
The centaur shoots an arrow.
The arrow hits you.
* * * LOW HITPOINT WARNING * * *
The kobold throws a stone.
The stone hits you but does no damage.
The centaur shoots an arrow.
The arrow hits you!
* * * LOW HITPOINT WARNING * * *
The centaur shoots an arrow.
The arrow hits you!
You die...

#.# #. #.# #. #.# #.
#.# #. #.# #.####.
#.#
.?.....#########.####
.o..#.)o.@..........#
#...#.########.##.#
###.>))........##.#
#c#)###########.#
....). #<# ..##.#)##
#.# #. ...... #.# #
.## #K< #.# # #.. #.#


You could see a centaur and an orc (fast).

Vanquished Creatures
  The ghost of hawla the Poker, a novice MeWn (D:4)
  A hornet (D:5)
  An orc warrior (D:6)
  A sky beast (D:5)
  2 ogres
  A centaur (D:4)
  2 kobold brigands
  3 scorpions
  A howler monkey (D:5)
  A jelly (D:5)
  3 hounds
  2 orc priests
  Crazy Yiuf (D:3)
  Ijyb (D:5)
  An iguana (D:5)
  2 orc wizards
  4 adders
  A gnoll (D:1)
  A worm (D:3)
  2 dart slugs
  16 orcs
  9 endoplasms
  8 giant cockroaches
  7 goblins
  7 hobgoblins
  2 jackals (D:4)
  14 kobolds
  A quokka (D:2)
  8 ball pythons
  5 bats
  2 frilled lizards
  4 rats
115 creatures vanquished.

Vanquished Creatures (others)
  21 foxfires
  17 fulminant prisms
38 creatures vanquished.

Grand Total: 153 creatures vanquished

Notes
Turn   | Place    | Note
-------+----------+-------------------------------------------
     0 | D:1      | RascalDebosk the Djinni Conjurer began the quest for the
                  | Orb.
     0 | D:1      | RascalDebosk set off with the following spells memorised:
                  | Magic Dart, Searing Ray, Dazzling Flash, Fulminant Prism,
                  | Iskenderun's Mystic Blast.
     0 | D:1      | Reached XP level 1. HP: 15/15 MP: 0/0
    40 | D:1      | You are sucked into a shaft and drop 1 floor!
   254 | D:1      | Reached XP level 2. HP: 11/22 MP: 0/0
   953 | D:1      | Reached skill level 1 in Fighting
   953 | D:1      | Reached XP level 3. HP: 24/27 MP: 0/0
   953 | D:1      | Learned a level 1 spell: Foxfire
  2326 | D:2      | Reached XP level 4. HP: 31/32 MP: 0/0
  2428 | D:2      | Found an opulent altar of Gozag.
  2497 | D:2      | Found a faded altar of an unknown god.
  2749 | D:3      | Found Valeh's Antique Armour Emporium.
  2919 | D:3      | Reached skill level 4 in Spellcasting
  2996 | D:3      | Found a runed translucent door.
  2997 | D:3      | Noticed Crazy Yiuf
  3007 | D:3      | Killed Crazy Yiuf
  3008 | D:3      | Reached XP level 5. HP: 23/38 MP: 0/0
  3008 | D:3      | Learned a level 2 spell: Static Discharge
  3629 | D:3      | Found a snail-covered altar of Cheibriados.
  3754 | D:4      | Found a runed translucent gate.
  3754 | D:4      | Found a runed translucent gate.
  3754 | D:4      | Found a runed translucent gate.
  3755 | D:4      | Noticed a kobold brigand
  3755 | D:4      | Noticed hawla's ghost (novice MeWn)
  3765 | D:4      | Killed a kobold brigand
  3766 | D:4      | Reached XP level 6. HP: 12/45 MP: 0/0
  3768 | D:4      | Killed hawla's ghost
  3769 | D:4      | Reached skill level 5 in Spellcasting
  3769 | D:4      | Reached XP level 7. HP: 5/50 MP: 0/0
  3769 | D:4      | Learned a level 3 spell: Vampiric Draining
  4970 | D:4      | Reached skill level 5 in Dodging
  4970 | D:4      | Reached XP level 8. HP: 6/58 MP: 0/0
  5453 | D:5      | Entered Level 5 of the Dungeon
  5453 | D:5      | Noticed a hornet
  5465 | D:5      | Killed a hornet
  5466 | D:5      | Reached skill level 6 in Spellcasting
  5466 | D:5      | Reached skill level 1 in Evocations
  6058 | D:3      | Bought a glowing cloak for 195 gold pieces
  6172 | D:5      | Reached skill level 5 in Fighting
  6172 | D:5      | Reached XP level 9. HP: 46/65 MP: 0/0
  6172 | D:5      | Learned a level 4 spell: Animate Dead
  6346 | D:5      | Found a staircase to the Ecumenical Temple.
  6356 | Temple   | Entered the Ecumenical Temple
  6447 | Temple   | Became a worshipper of Ashenzari the Shackled
  6485 | D:5      | Noticed Ijyb
  6504 | D:5      | Killed Ijyb
  6882 | D:5      | Found a glowing silver altar of Zin.
  6882 | D:5      | Found an opulent altar of Gozag.
  7164 | D:6      | Reached skill level 7 in Spellcasting
  7168 | D:6      | Shot with an arrow by a centaur

Illustrated notes

Levels and vault maps discovered:
D:1:      evilmike_arrival_rings, layout_basic, nicolae_eternal_life
D:2:      layout_loops_corners, dreamdust_ecumenical_altar_hidden_monk_grotto,
          basic_altar
D:3:      layout_rooms, mainiacjoe_overflow_alcove_2, serial_shops, shop,
          uniq_crazy_yiuf_cottage
D:4:      layout_basic, lemuel_doored_altar, gammafunk_ghost_nasty_kobolds,
          reono_crystal_passage, kennysheep_generic_room_15
D:5:      layout_rooms, grunt_temple_overflow_gold_and_silver, temple_pool_b,
          serial_co_window_serial, co_window_paths_a, co_window_cross_1,
          co_window_paths_b, co_window_paths_b, co_window_of_opportunity_a,
          co_window_cross_4, co_window_of_opportunity_b, co_window_corner_b,
          co_window_broadway_c, glass_columns_a, glass_columns_a,
          glass_columns_a, glass_columns_a, glass_columns_b, uniq_ijyb
D:6:      layout_loops_ring, nicolae_tso_swordbearing_angel, serial_shops, shop,
          shop
Temple:   nicolae_temple_superstar

Skill      XL: |  1  2  3  4  5  6  7  8  9 |
---------------+----------------------------+-----
Fighting       | 1 2 3 5 |  5.4
Dodging        | 3 4 5 |  5.0
Spellcasting   | 4 5 6 7 |  7.0
Evocations     | 2 3 |  3.4
Stealth        | |  1.5

Action                   |  1- 3 |  4- 6 |  7- 9 || total
-------------------------+-------+-------+-------++-------
Melee: Dagger            |       |       |    14 ||    14
       Long sword        |       |       |     1 ||     1
 Cast: Magic Dart        |    73 |    40 |    58 ||   171
       Foxfire           |       |     8 |     5 ||    13
       Iskenderun's Myst |       |     5 |    24 ||    29
       Fulminant Prism   |       |     2 |    15 ||    17
       Static Discharge  |       |     4 |     1 ||     5
       Searing Ray       |       |     2 |     1 ||     3
  Use: Scroll            |       |       |    10 ||    10
Armor: Robe              |     1 |     2 |    12 ||    15
Dodge: Dodged            |     6 |     4 |    41 ||    51
